cohdb
Replays
Latest Replays
All Replays
Popular Replays
Top Player Replays
Match Explorer
How It Works
Community
CoH3 Stats
Reddit
Sign in to upload your games and track your stats! →
Sign in with Steam
Match 42998439
Unlisted
Match 42998439
Overview
Messages
Build Orders
End
Kradschützen Motorcycle Team
Panzerpioneer Squad
Panzerpioneer Squad
Selects Panzerjäger Kommand Battlegroup
Selects Mine Fields
Panzerpioneer Squad
Construct Light Support Kompanie
250 Light Carrier
Selects GrB 39 Grenade Launcher Requisition
MG34 Team
Selects GrB 39 Grenade Launcher Requisition
2.5-tonne Medical Truck
Kradschützen Motorcycle Team
MG34 Team
Construct Mechanized Kompanie
Advanced Field Repairs
Selects Defensive Positions
Panzerpioneer Squad
Fire Support Elements
Pak 38 Mechanized Group
Selects Butterfly Bomb Drop
Panzerpioneer Squad
Butterfly Bomb Drop
Flakvierling Half-track
Butterfly Bomb Drop
Marder III Tank Destroyer
待风的苍鹰
RECACE
Bogdan[UKR]
NoobMaster
B1t
SkyCurv
Horeneks
M:P小夜
0
0
Comments
sign in to comment!
No comments posted yet!